 Dungeon Crawl Stone Soup version 0.19.0-19-g8c6edcc (webtiles) character file.

1511 Monsterracer the Cleaver (level 8, 0/71 HPs)
             Began as a Hill Orc Fighter on Nov 13, 2016.
             Slain by an orc warrior
             ... wielding a +2 battleaxe of flaming
              (13 damage)
             ... on level 6 of the Dungeon.
             The game lasted 00:15:02 (4364 turns).

Monsterracer the Cleaver (Hill Orc Fighter)         Turns: 4364, Time: 00:15:03

Health: 0/71       AC: 12    Str: 24    XL:     8   Next: 83%
Magic:  2/2        EV:  6    Int: 10    God:
Gold:   326        SH: 10    Dex: 12    Spells: 0 memorised, 7 levels left

rFire  . . .     SeeInvis .     p - +2 broad axe (antimagic)
rCold  . . .     Gourm    .     x - +0 chain mail (curse)
rNeg   . . .     Faith    .     c - +0 shield
rPois  .         Spirit   .     e - +0 helmet
rElec  .         Reflect  .     m - +0 cloak
rCorr  +         Harm     .     (no gloves)
MR     .....     Clarity  +     (no boots)
Stlth  ..........               k - amulet of regeneration
                                v - ring of resist corrosion
                                q - ring of stealth

@: mighty
A: clarity, clever 1, subdued magic 1
a: no special abilities


You were on level 6 of the Dungeon.
You were not hungry.

You visited 1 branch of the dungeon, and saw 6 of its levels.

You collected 326 gold pieces.

Inventory:

Hand Weapons
 p - a +2 antimagic broad axe (weapon)
Armour
 c - a +0 shield (worn)
 e - a +0 helmet (worn)
 m - a +0 cloak (worn)
 t - a +0 plate armour
 x - a cursed +0 chain mail (worn)
Jewellery
 k - an amulet of regeneration (around neck)
 o - an uncursed amulet of faith
 q - a ring of stealth (left hand)
 v - a ring of resist corrosion (right hand)
 y - an uncursed ring of protection from fire {unknown}
Wands
 b - a wand of teleportation (2/9)
Scrolls
 a - a scroll of noise {unknown}
 g - 7 scrolls of identify
 i - 5 scrolls of recharging {unknown}
 j - a scroll of fear {unknown}
 l - a scroll of teleportation {unknown}
 r - 2 scrolls of magic mapping {unknown}
 u - a scroll of amnesia {unknown}
Potions
 n - a potion of beneficial mutation
Comestibles
 f - 2 bread rations
 h - 2 meat rations
 s - 2 fruits
 w - a slice of pizza
 z - 2 chunks of flesh


   Skills:
 + Level 6.4 Fighting
 * Level 10.5 Axes
 + Level 5.4 Armour
 + Level 5.5 Shields


You had 7 spell levels left.
You didn't know any spells.

Dungeon Overview and Level Annotations

Branches:
Dungeon (6/15)
 Temple: D:4-7

Altars:
Qazlal
Yredelemnul


Innate Abilities, Weirdness & Mutations

You possess an exceptional clarity of mind.
Your mind is acute. (Int +2)
Your spells are a little easier to cast, but a little less powerful.


Message History

The orc priest mumbles some strange prayers to Beogh against you.
Pain shoots through your body!
The orc warrior hits you with a battleaxe of flaming!
* * * LOW HITPOINT WARNING * * *
The orc warrior burns you.
* * * LOW HITPOINT WARNING * * *
You feel very mighty all of a sudden. You block the orc priest's attack.
You hit the orc warrior.
The orc warrior is heavily wounded.
You closely miss the orc priest. The orc warrior completely misses you.
The orc priest barely misses you.
The orc priest shouts, "Beogh is our master!
Accept the truth or die!"
You hit the orc warrior but do no damage.
The orc warrior is heavily wounded.
The orc priest shouts, "Surrender to Beogh and we'll let you live!"
You slash the orc priest!
You kill the orc priest!
The orc warrior hits you with a battleaxe of flaming!
You die...

....# #...##...# ...
....# #...###..#### ...
....# #...#
#.....##...... ....#
#...# #.....!#......
....# ##.##
#......#...... ....
#####+####......#......
##...............#......
................##......
......o@.....#..##......
......)......##.##......
##...........##..###.###
#...........###.# #.# #
.............# #.###.# #
.....).......# #..##.# #
...########### ##.##.# #
... #....# # #....# #


You could see an orc warrior.

Vanquished Creatures
  Menkaure (D:4)
  Edmund (D:6)
  A phantom (D:6)
  An ice beast (D:6)
  2 ogres (D:5)
  2 bullfrogs (D:6)
  A scorpion (D:5)
  3 wights (D:6)
  2 howler monkeys
  A crimson imp (D:6)
  A jelly (D:6)
  2 hounds (D:5)
  An orc priest (D:6)
  2 bullfrog skeletons
  Natasha (twice) (D:2)
  2 worker ants
  A hound skeleton (D:5)
  4 gnolls (D:5)
  8 adders
  A shadow imp (D:5)
  An adder skeleton (D:5)
  2 worms
  A dart slug (D:1)
  7 orcs
  2 ball pythons (D:1)
  9 bats
  2 giant cockroaches
  9 goblins
  7 hobgoblins
  10 jackals
  2 quokkas
  4 frilled lizards
  6 kobolds
  2 quokka zombies (D:5)
  11 rats
114 creatures vanquished.

Notes
Turn   | Place    | Note
-------+----------+-------------------------------------------
     0 | D:1      | Monsterracer the Hill Orc Fighter began the quest for the Orb.
     0 | D:1      | Reached XP level 1. HP: 19/19 MP: 1/1
    34 | D:1      | Reached skill level 3 in Axes
   259 | D:1      | Reached XP level 2. HP: 25/26 MP: 2/2
   458 | D:1      | Reached skill level 4 in Axes
   555 | D:1      | Reached XP level 3. HP: 30/31 MP: 3/3
  1106 | D:2      | Noticed Natasha
  1114 | D:2      | Killed Natasha
  1114 | D:2      | Reached skill level 5 in Axes
  1114 | D:2      | Reached XP level 4. HP: 39/39 MP: 4/4
  1146 | D:2      | Gained mutation: You possess an exceptional clarity of mind. [potion of mutation]
  1146 | D:2      | Gained mutation: Your spells are a little easier to cast, but a little less powerful. [potion of mutation]
  1390 | D:2      | Noticed Natasha
  1406 | D:2      | Killed Natasha
  1406 | D:2      | Reached skill level 6 in Axes
  1623 | D:2      | Reached XP level 5. HP: 45/45 MP: 5/5
  1765 | D:2      | Gained mutation: Your mind is acute. (Int +2) [potion of beneficial mutation]
  1870 | D:3      | Reached skill level 7 in Axes
  2337 | D:4      | Noticed Menkaure
  2348 | D:4      | Killed Menkaure
  2348 | D:4      | Reached skill level 8 in Axes
  2348 | D:4      | Reached XP level 6. HP: 19/52 MP: 2/6
  3085 | D:5      | Entered Level 5 of the Dungeon
  3163 | D:5      | Reached XP level 7. HP: 60/60 MP: 2/7
  3333 | D:5      | Reached skill level 5 in Fighting
  3338 | D:5      | Reached skill level 9 in Axes
  3563 | D:5      | Found a stormy altar of Qazlal.
  3959 | D:6      | Reached XP level 8. HP: 55/69 MP: 2/8
  4037 | D:6      | Reached skill level 5 in Shields
  4065 | D:6      | Found a basalt altar of Yredelemnul.
  4083 | D:6      | Reached skill level 10 in Axes
  4083 | D:6      | Reached skill level 5 in Armour
  4242 | D:6      | Noticed Edmund
  4254 | D:6      | Killed Edmund
  4364 | D:6      | Slain by an orc warrior

Skill      XL: |  1  2  3  4  5  6  7  8 |
---------------+-------------------------+-----
Axes           | 3 4 5 6 8 9 10 | 10.5
Fighting       | 4 5 6 |  6.4
Shields        | 4 5 |  5.5
Armour         | 4 5 |  5.4

Action                   |  1- 3 |  4- 6 |  7- 9 || total
-------------------------+-------+-------+-------++-------
Melee: War axe           |   105 |    68 |       ||   173
       Broad axe         |       |    69 |   129 ||   198
  Use: Potion            |     1 |     6 |     3 ||    10
       Scroll            |       |     2 |       ||     2
  Eat: Chunk             |     1 |     7 |     3 ||    11
       Fruit             |       |       |     1 ||     1
Armor: Scale mail        |    61 |    40 |       ||   101
       Plate armour      |       |    28 |    57 ||    85
       Chain mail        |       |       |     7 ||     7
Dodge: Dodged            |    34 |    30 |    24 ||    88
Block: Shield            |    53 |    76 |    71 ||   200
